AoeStats
← Dreist

Arabia

509971431Analyzed
1v1 RM · 5d ago on Sep 28, 2026· 40m 24s· 2 players
Game mode
Random Map
Map size
Tiny (2 player)
Population
200
Speed
Normal
Resources
Standard
Victory
Conquest
Starting age
Dark Age
Ending age
Imperial Age
RankedLock teamsTeams togetherTeam positionsShared explorationLock speedFull tech treeHidden civsTurbo modeCheats
Victory
Defeat
🇺🇸 Aztecs · United States
1154
+17
🇺🇸 Ethiopians · United States
1175
-17
cash50
7:45 Loom
9:45 Feudal Age
9:54 Man-at-Arms
10:23 Double-Bit Axe
10:50 Loom
13:39 Horse Collar
15:57 Padded Archer Armor
22:25 Castle Age
20:57 Fletching
21:24 Gold Mining
23:01 Bodkin Arrow
22:58 Elite Skirmisher
23:45 Stone Mining
25:56 Wheelbarrow
26:49 Bow Saw
28:08 Pikeman
29:31 Gold Shaft Mining
31:41 Crossbowman
36:32 Imperial Age
35:19 Ballistics
35:24 Leather Archer Armor
36:55 Forging
36:39 Treadmill Crane
36:37 Arbalester
37:50 Bracer
38:48 Hand Cart
39:25 Town Watch
40:22 Conscription
Dreist
6:14 Loom
9:51 Feudal Age
10:42 Double-Bit Axe
15:27 Fletching
17:22 Padded Archer Armor
23:17 Castle Age
22:02 Horse Collar
22:13 Gold Mining
23:30 Scale Barding Armor
26:12 Bow Saw
26:48 Chain Barding Armor
27:01 Light Cavalry
34:59 Gold Shaft Mining
34:17 Stone Mining
34:16 Crossbowman
34:55 Bodkin Arrow
35:54 Thumb Ring
35:59 Heavy Plow
36:58 Wheelbarrow
36:41 Town Watch
42:15 Imperial Age
Connection lost

Rejoining the realm…

Still unreachable

The connection could not be restored.

Session expired

The server has moved on; the page needs a fresh start.